 Dungeon Crawl Stone Soup version 0.30-a0-142-g7370640ec8 (webtiles) character file.

Game seed: 7580316044081733989

189 qw the Shield-Bearer (level 5, 0/32 HPs)
             Began as a Gargoyle Fighter on Sept 26, 2022.
             Slain by a goblin
             ... wielding a +4 dagger
             ... led by Robin
              (6 damage)
             ... on level 3 of the Dungeon.
             The game lasted 00:01:05 (2947 turns).

qw the Shield-Bearer (Gargoyle Fighter)             Turns: 2947, Time: 00:01:06

Health: 0/32       AC: 12    Str: 22    XL:     5   Next: 68%
Magic:  5/5        EV:  8    Int:  8    God:
Gold:   110        SH: 10    Dex:  9    Spells: 4/4 levels left

rFire   . . .      SeeInvis .    Y - +0 war axe
rCold   . . .      Faith    .    k - +2 kite shield
rNeg    + . .      Spirit   .    b - +0 scale mail
rPois   inf        Reflect  .    m - +2 hat
rElec   +          Harm     .    (no cloak)
rCorr   .          Rampage  .    (no gloves)
Will    .....                    (no boots)
Stlth   ..........               (no amulet)
HPRegen 0.10/turn                (no ring)
MPRegen 0.09/turn                (no ring)

@: no status effects
A: sickness immunity, AC +4, negative energy resistance 1, electricity
resistance, torment resistance 1, petrification resistance
a: no special abilities


You were on level 3 of the Dungeon.
You visited 1 branch of the dungeon, and saw 3 of its levels.

You collected 110 gold pieces.


Innate Abilities, Weirdness & Mutations

You are immune to sickness and miasma.
Your stone body is resilient. (AC +4)
You are immune to poison.
You resist negative energy. (rN+)
You are resistant to electric shocks. (rElec)
You are resistant to unholy torment.
You are immune to petrification.


   Skills:
 - Level 3.2 Fighting
 + Level 4.1 Axes
 - Level 3.2 Armour
 - Level 5.0 Shields


You had 4 spell levels left.
You didn't know any spells.
Your spell library was empty.

Inventory:

Hand Weapons
 o - a +0 whip
 Y - a +0 war axe (weapon)
Armour
 b - a +0 scale mail (worn)
 k - a +2 kite shield (worn)
 m - a +2 hat (worn)
Jewellery
 i - a ring of ice
Scrolls
 g - a scroll of poison {unknown}
 l - 2 scrolls of identify
 n - a scroll of fear {unknown}
Potions
 a - a potion of curing
 c - a potion of flight {unknown}
 d - 2 potions of might
 e - a potion of cancellation
 f - a potion of magic {unknown}
 h - a potion of resistance {unknown}
 j - a potion of mutation {unknown}
 p - a potion of brilliance {unknown}

Dungeon Overview and Level Annotations

Branches:
Dungeon (3/15)

Altars:
Nemelex Xobeh
Uskayaw
Vehumet
Wu Jian
The Shining One

Shops:
D:3 (

Annotations:
D:3 Robin


Message History

You hit the goblin. Robin throws the goblin at you!
The goblin hits you with a +4 dagger. You block the goblin's attack.
Robin hits you but does no damage. The goblin hits you with a +0 dagger.
The goblin barely misses you. x2
You completely miss the goblin.
The goblin is severely wounded.
You miss the goblin. You barely miss the goblin.
Robin roars a battlecry!
The goblins go into a battle-frenzy!
The goblin hits you but does no damage. The goblin hits you with a +4 dagger.
You slash the goblin!
You kill the goblin!
You closely miss the goblin. You slash the goblin!
You kill the goblin!
Robin throws the goblin at you! The goblin hits you with a +0 club.
You block the goblin's attack. Robin throws the goblin at you!
The goblin closely misses you. You block the goblin's attack.
The hobgoblin hits you but does no damage.
The goblin hits you with a +4 dagger.
You closely miss the goblin. You hit the hobgoblin. You hit the goblin.
You barely miss the goblin. You block Robin's attack.
You block the goblin's attack. The goblin hits you but does no damage.
The goblin hits you with a +4 dagger. The hobgoblin barely misses you.
You hit the hobgoblin but do no damage.
The hobgoblin is almost dead.
You slash the goblin!
You kill the goblin!
You miss the goblin. You barely miss the goblin. You block Robin's attack.
The hobgoblin hits you but does no damage.
The goblin hits you but does no damage. You block the goblin's attack.
Robin closely misses you. You block the goblin's attack.
The goblin hits you with a +4 dagger.
You hit the hobgoblin.
You kill the hobgoblin!
You closely miss the goblin. You barely miss the goblin.
Robin throws the goblin at you! You block the goblin's attack.
The goblin hits you with a +4 dagger.
You die... # #.## # #..# ....## # ##.# .....# # #.# .....# # #.# .....# # #.# ....# #####.#### gg.

~........# ###)#
.#######.### #g@g#
#......#...####g###
.~~~~~.#.#..)#..#####.
~....~.#.###...........
.###.~.#.# ##.#######..
#._#.~.#.####.#
...#.~.#.#....#
..~.#.~.#..####
.~~.#.~.#..#


You could see Robin, a hobgoblin (strong) and 3 goblins.

Vanquished Creatures
  A necrophage (D:3)
  Terence (D:3)
  3 adders (D:3)
  2 worms
  3 endoplasms
  14 goblins
  9 hobgoblins
  4 kobolds
  2 quokkas (D:1)
  10 ball pythons
  6 bats
  7 frilled lizards
  7 rats
69 creatures vanquished.

Notes
Turn   | Place    | Note
-------+----------+-------------------------------------------
     0 | D:1      | qw the Gargoyle Fighter began the quest for the Orb.
     0 | D:1      | Reached XP level 1. HP: 14/14 MP: 1/1
     0 | D:1      | 0 ||| qw: Version: 0.2-a-10-g399e6c4
     0 | D:1      | 0 ||| qw: Game counter: 463
     0 | D:1      | 0 ||| qw: Always use a shield: true
     0 | D:1      | 0 ||| qw: God list: Okawaru
     0 | D:1      | 0 ||| qw: Allow faded altars: false
     0 | D:1      | 0 ||| qw: Do Orc after D:15 true
     0 | D:1      | 0 ||| qw: Do second Lair branch before Depths: true
     0 | D:1      | 0 ||| qw: Lair rune preference: random
     0 | D:1      | 0 ||| qw: Plans: Normal, Zot:1-4, God:TSO, Crypt, Tomb,
                  | Pan, Slime:5, Hells, Abyss, Orb
     0 | D:1      | 0 ||| PLANNING D:1-11
   118 | D:1      | Found a faded altar of an unknown god.
   277 | D:1      | Reached XP level 2. HP: 19/19 MP: 2/2
   644 | D:1      | Reached skill level 3 in Axes
   820 | D:1      | Reached XP level 3. HP: 23/23 MP: 3/3
  1146 | D:1      | 1146 ||| READING scroll labelled ZITIRI BATIRHI.
  1147 | D:1      | 1147 ||| READING scroll labelled ECLAON MUGAIRA.
  1489 | D:2      | 1489 ||| Stepping ~*~*~tactically~*~*~ (stealth).
  1490 | D:2      | 1490 ||| Stepping ~*~*~tactically~*~*~ (stealth).
  1577 | D:2      | 1577 ||| Stepping ~*~*~tactically~*~*~ (stealth).
  1685 | D:2      | 1685 ||| Stepping ~*~*~tactically~*~*~ (stealth).
  1687 | D:2      | 1687 ||| Stepping ~*~*~tactically~*~*~ (stealth).
  1880 | D:2      | 1880 ||| UPGRADING to +2 kite shield.
  1890 | D:2      | 1890 ||| DROPPING +0 buckler.
  1891 | D:2      | 1891 ||| UPGRADING to +2 hat.
  1896 | D:2      | 1896 ||| READING scroll labelled ERAOCUERCHO.
  1897 | D:2      | 1897 ||| READING 3 scrolls labelled GOOCLA ONWOITY.
  1898 | D:2      | 1898 ||| DRINKING 2 viscous puce potions.
  1899 | D:2      | 1899 ||| READING 2 scrolls of identify.
  1899 | D:2      | 1899 ||| IDENTIFYING pink potion
  2005 | D:3      | 2005 ||| Stepping ~*~*~tactically~*~*~ (stealth).
  2008 | D:3      | 2008 ||| Stepping ~*~*~tactically~*~*~ (stealth).
  2009 | D:3      | 2009 ||| Stepping ~*~*~tactically~*~*~ (stealth).
  2010 | D:3      | 2010 ||| Stepping ~*~*~tactically~*~*~ (stealth).
  2011 | D:3      | 2011 ||| Stepping ~*~*~tactically~*~*~ (stealth).
  2022 | D:3      | Reached XP level 4. HP: 22/28 MP: 4/4
  2027 | D:3      | 2027 ||| FLEEEEING.
  2028 | D:3      | 2028 ||| FLEEEEING.
  2029 | D:3      | 2029 ||| FLEEEEING.
  2030 | D:3      | 2030 ||| FLEEEEING.
  2031 | D:3      | 2031 ||| FLEEEEING.
  2032 | D:3      | 2032 ||| FLEEEEING.
  2033 | D:3      | 2033 ||| FLEEEEING.
  2034 | D:3      | 2034 ||| STAIRDANCE
  2265 | D:3      | Reached skill level 4 in Shields
  2314 | D:3      | Found Ceuke's Weapon Shoppe.
  2318 | D:3      | 2318 ||| SHOPLISTING +6 war axe "Bielotik" {freeze, rElec
                  | Dex-2 SInv} (503 gold, have 110).
  2322 | D:3      | Found a radiant altar of Vehumet.
  2327 | D:3      | Found a glowing golden altar of the Shining One.
  2368 | D:3      | 2368 ||| DROPPING +0 club.
  2412 | D:3      | Found an ornate altar of the Wu Jian Council.
  2458 | D:3      | Noticed Terence
  2459 | D:3      | 2459 ||| Stepping ~*~*~tactically~*~*~ (hiding).
  2473 | D:3      | HP: 5/28 [Terence/puff of flame (5)]
  2476 | D:3      | Killed Terence
  2477 | D:3      | Reached XP level 5. HP: 6/32 MP: 5/5
  2745 | D:3      | Found a hide-covered altar of Uskayaw.
  2748 | D:3      | Found a sparkling altar of Nemelex Xobeh.
  2932 | D:3      | Noticed Robin
  2933 | D:3      | 2933 ||| Stepping ~*~*~tactically~*~*~ (hiding).
  2941 | D:3      | Reached skill level 5 in Shields
  2946 | D:3      | HP: 6/32 [goblin/+4 dagger[Robin] (5)]
  2947 | D:3      | Slain by a goblin

Levels and vault maps discovered:
D:1:      doesnt_arrival_eight_statues, layout_loops_ring,
          hellmonk_ecumenical_altar_blasted
D:2:      layout_loops_cross
D:3:      layout_rooms, nicolae_overflow_squiral, lemuel_crystal_altar,
          mainiacjoe_overflow_catwalk_spiral, serial_shops, shop,
          minmay_bisected, uniq_terence, uniq_robin

Skill      XL: |  1  2  3  4  5 |
---------------+----------------+-----
Axes           | 2 3 4 |  4.1
Shields        | 4 5 |  5.0
Fighting       | |  3.2
Armour         | |  3.2

Action                   |  1- 3 |  4- 6 || total
-------------------------+-------+-------++-------
Melee: War axe           |   147 |    57 ||   204
  Use: Scroll            |     5 |       ||     5
       Potion            |     1 |       ||     1
Armor: Scale mail        |    76 |    35 ||   111
Dodge: Dodged            |    64 |    19 ||    83
Block: Buckler           |    16 |       ||    16
       Kite shield       |    16 |    46 ||    62

Table legend:
 A = Non-vault XP
 B = Vault XP
 C = Vault XP percentage of total XP
 D = Non-vault monster count
 E = Vault monster count
 F = Vault count percentage of total count
                 A         B        C        D         E       F
            +---------+---------+-------+---------+---------+-------
      Total |     195 |      77 |  28.3 |      58 |      11 |  15.9
            +---------+---------+-------+---------+---------+-------
        D:1 |      46 |       0 |   0.0 |      29 |       0 |   0.0
        D:2 |      27 |       0 |   0.0 |      17 |       0 |   0.0
        D:3 |     122 |      77 |  38.7 |      12 |      11 |  47.8
            +---------+---------+-------+---------+---------+-------
